 Dungeon Crawl Stone Soup version 0.20.1-1-g8b1a95d (webtiles) character file.

59 grizmgrazm2 the Sneak (level 3, -2/25 HPs)
             Began as a Vampire Enchanter on Oct 8, 2017.
             Slain by a quokka (3 damage)
             ... on level 4 of the Dungeon.
             The game lasted 00:04:27 (1339 turns).

grizmgrazm2 the Sneak (Vampire Enchanter)           Turns: 1339, Time: 00:04:28

Health: -2/25      AC:  3    Str:  7    XL:     3   Next: 78%
Magic:  1/6        EV: 12    Int: 18    God:
Gold:   45         SH:  3    Dex: 14    Spells: 0/6 levels left

rFire    . . .     SeeInvis +   a - +1 dagger
rCold    + . .     Gourm    .   (no shield)
rNeg     + + .     Faith    .   b - +0 robe
rPois    +         Spirit   .   i - +0 helmet
rElec    .         Reflect  +   (no cloak)
rCorr    .         Harm     .   (no gloves)
MR       .....                  (no boots)
Stlth    ++++......             k - +3 amulet of reflection
Regen    0.1/turn               h - ring of poison resistance
MPRegen  0.1/turn               (no ring)

@: regenerating slowly
A: fangs 3, see invisible, unbreathing
a: Bat Form


You were on level 4 of the Dungeon.
You were very thirsty.

You visited 1 branch of the dungeon, and saw 4 of its levels.

You collected 87 gold pieces.
You spent 42 gold pieces at shops.

Inventory:

Hand Weapons
 a - a +1 dagger (weapon)
Armour
 b - a +0 robe (worn)
 i - a +0 helmet (worn)
Jewellery
 h - a ring of poison resistance (left hand)
 k - a +3 amulet of reflection (around neck)
Scrolls
 e - a scroll of identify {unknown}
 f - 3 scrolls of magic mapping
 g - a scroll of remove curse {unknown}
Potions
 d - a potion of blood
 j - a potion of magic {unknown}
Books
 c - a book of Maledictions

   Spells                             Type                      Level
   a - Corona                         Hexes                        1
   b - Ensorcelled Hibernation        Hexes/Ice                    2
   c - Confuse                        Hexes                        3
   d - Tukima's Dance                 Hexes                        3
   e - Dazzling Spray                 Conjuration/Hexes            3


   Skills:
 + Level 0.5 Fighting
 + Level 1.7 Short Blades
 + Level 2.2 Dodging
 + Level 5.4 Stealth
 + Level 2.4 Spellcasting
 + Level 5.1 Hexes
 + Level 0.4 Ice Magic


You couldn't memorise any spells.
You knew the following spells:

 Your Spells              Type           Power        Failure   Level  Hunger
a - Ensorcelled Hibernat  Hex/Ice        ##....       9%          2    ##.....
b - Confuse               Hex            ###.....     6%          3    ###....
c - Corona                Hex            ###....      2%          1    #......


Dungeon Overview and Level Annotations

Branches:
Dungeon (4/15)
 Temple: D:4-7

Altars:
Kikubaaqudgha
Uskayaw

Shops:
D:4 ?

Annotations:
D:3 Terence
D:4 2 transporters, Blork the orc


Innate Abilities, Weirdness & Mutations

You heal slowly.
You have razor-sharp teeth.
You have supernaturally acute eyesight. (SInv)
You can survive without breathing.


Message History

You hit the quokka but do no damage.
The quokka is moderately wounded.
The quokka barely misses you.
Casting: Ensorcelled Hibernation
Confirm with . or Enter, or press ? or * to list all spells.
You don't have enough magic to cast that spell.
You closely miss the quokka. You bite the quokka, but do no damage.
The quokka is moderately wounded.
The orc misses you. The quokka completely misses you.
You hit the quokka but do no damage.
The quokka is moderately wounded.
You block the quokka's attack. The orc hits you with a war axe!
The orc misses you. The orc hits you with a war axe!
* * * LOW HITPOINT WARNING * * *
The quokka bites you but does no damage.
You don't have enough magic at the moment.
Found an escape hatch in the ceiling.
The quokka bites you.
You die...

#.......................<.
#......)..............#...
#..........###........###.
##########.# #........###.
##.###............
#>o.##........###.
#...##........# ##
#r............#
#@..###.%...###
#...##...... ######......
....


You could see an orc and a quokka.

Vanquished Creatures
  Ijyb (D:4)
  An ooze (D:1)
  A dart slug (D:1)
  2 orcs (D:4)
  A giant cockroach (D:1)
  6 goblins
  6 hobgoblins (D:1)
  A jackal (D:2)
  2 frilled lizards (D:1)
  A kobold (D:1)
  3 rats (D:1)
25 creatures vanquished.

Notes
Turn   | Place    | Note
-------+----------+-------------------------------------------
     0 | D:1      | grizmgrazm2 the Vampire Enchanter began the quest for the Orb.
     0 | D:1      | Reached XP level 1. HP: 13/13 MP: 3/3
   298 | D:1      | Reached XP level 2. HP: 17/19 MP: 3/5
   302 | D:1      | Learned a level 2 spell: Ensorcelled Hibernation
   650 | D:1      | Reached skill level 5 in Stealth
   955 | D:2      | Reached skill level 5 in Hexes
   955 | D:2      | Reached XP level 3. HP: 20/24 MP: 3/6
   960 | D:2      | Learned a level 3 spell: Confuse
  1040 | D:2      | Found a faded altar of an unknown god.
  1140 | D:3      | Noticed Terence
  1157 | D:4      | Found Joicef's Magic Scroll Boutique.
  1160 | D:4      | Noticed Blork the orc
  1182 | D:4      | Noticed a slave
  1217 | D:4      | Noticed a two-headed ogre
  1240 | D:4      | Found a transporter.
  1249 | D:4      | Found a transporter.
  1254 | D:4      | Noticed an acid dragon
  1257 | D:4      | Found an ancient bone altar of Kikubaaqudgha.
  1258 | D:4      | Found a hide-covered altar of Uskayaw.
  1260 | D:4      | Noticed an ogre
  1297 | D:4      | Bought a scroll of magic mapping for 42 gold pieces
  1318 | D:4      | Noticed Ijyb
  1325 | D:4      | Killed Ijyb
  1332 | D:4      | HP: 1/25 [orc/war axe (8)]
  1339 | D:4      | Slain by a quokka

Skill      XL: |  1  2 |
---------------+-------+-----
Stealth        | 5 |  5.4
Hexes          | 5 |  5.1
Fighting       | |  0.5
Short Blades   | |  1.7
Dodging        | |  2.2
Spellcasting   | |  2.4
Ice Magic      | |  0.4

Action                   || total
-------------------------++-------
Melee: Dagger            ||    59
       Bite              ||     4
 Cast: Corona            ||     8
       Ensorcelled Hiber ||    15
       Confuse           ||     2
 Abil: End Transformatio ||     2
       Bat Form          ||     2
  Use: Scroll            ||     2
 Stab: Sleeping          ||    15
       Confused          ||     1
Armor: Robe              ||     7
Dodge: Dodged            ||    28
Block: Other             ||     1
